 Dungeon Crawl Stone Soup version 0.23.0-2-g0fe3ce5 (webtiles) character file.

Game seed: 8775568904406461298

15408 Inarius the Cleaver (level 12, -15/118 HPs)
             Began as an Ogre Monk on Feb 19, 2019.
             Was a Priest of Hepliaklqana.
             Demolished by a storm dragon simulacrum (17 damage)
             ... on level 1 of the Abyss.
             The game lasted 00:27:02 (16111 turns).

Inarius the Cleaver (Ogre Monk)                    Turns: 16111, Time: 00:27:03

Health: -15/118    AC: 10    Str: 22    XL:     12   Next: 26%
Magic:  15/17      EV: 13    Int: 19    God:    Hepliaklqana [***...]
Gold:   724        SH:  0    Dex: 11    Spells: 11/11 levels left

rFire    . . .     SeeInvis +   F - +8 war axe of Gozag {chop, *Drain Fragile rPois Int+8}
rCold    . . .     Gourm    .   (no shield)
rNeg     . . .     Faith    .   R - +0 troll leather armour
rPois    +         Spirit   .   w - +2 hat
rElec    +         Reflect  .   H - +2 cloak of the Harvest {rElec}
rCorr    .         Harm     .   (gloves unavailable)
MR       +....                  (boots unavailable)
Stlth    ++........             (no amulet)
HPRegen  0.69/turn              s - ring of see invisible
MPRegen  0.15/turn              v - ring of poison resistance

@: no status effects
A: large, unfitting armour, reduced essence, tough skin 1
a: Recall Ancestor, Ancestor Identity, Transference, Renounce Religion


You were on level 1 of the Abyss.
You worshipped Hepliaklqana.
Hepliaklqana was most pleased with you.
You were hungry.

You visited 3 branches of the dungeon, and saw 14 of its levels.
You visited the Abyss 1 time.

You collected 724 gold pieces.

Inventory:

Hand Weapons
 g - a +0 whip
 i - a +1 war axe of electrocution
 p - a +0 giant spiked club
 E - a +1 morningstar of draining
 F - the +8 war axe of Gozag (weapon) {chop, *Drain Fragile rPois Int+8}
   (You found it on level 8 of the Dungeon)

   It inflicts extra damage upon your enemies.
   It affects your intelligence (+8).
   It protects you from poison.
   It causes draining when unequipped.
   It will be destroyed if unequipped.
Missiles
 o - 6 javelins (quivered)
Armour
 j - the +7 chain mail "Lavis" {rElec, unknown}
   (You found it on level 1 of the Abyss)

   It insulates you from electricity.
 w - a +2 hat (worn)
 z - a +1 robe of fire resistance
 H - the +2 cloak of the Harvest (worn) {rElec}
   (You found it on level 9 of the Dungeon)

   It insulates you from electricity.
 R - a +0 troll leather armour (worn)
Jewellery
 l - an uncursed ring of fire
 s - a ring of see invisible (left hand)
 v - a ring of poison resistance (right hand)
 G - an uncursed ring of ice
 I - an uncursed ring of protection from cold
 M - an uncursed ring of protection from fire
Wands
 f - a wand of digging (3)
 h - a wand of disintegration (9)
 k - a wand of paralysis (16)
 n - a wand of flame (12)
 y - a wand of polymorph (5)
Scrolls
 b - a scroll of vulnerability
 e - 4 scrolls of remove curse
 r - 2 scrolls of fog
 u - 2 scrolls of magic mapping
 x - 3 scrolls of teleportation {unknown}
 A - 4 scrolls of enchant weapon {unknown}
 C - a scroll of fear {unknown}
 J - 2 scrolls of enchant armour {unknown}
 K - 2 scrolls of random uselessness {unknown}
 N - 2 scrolls of identify
 O - 2 scrolls of immolation {unknown}
 P - a scroll of amnesia
Potions
 a - 4 potions of brilliance
 d - 2 potions of curing
 m - 3 potions of mutation
 q - 2 potions of flight
 t - 2 potions of might
 B - a potion of magic {unknown}
 D - a potion of heal wounds
 L - a potion of invisibility
 Q - a potion of resistance
Miscellaneous
 S - a fan of gales
Comestibles
 c - 23 rations


   Skills:
 + Level 12.0 Fighting
 + Level 13.8 Axes
 + Level 0.3 Armour
 + Level 7.5 Dodging
 - Level 2.3 Stealth
 * Level 7.2 Invocations
 + Level 1.5 Evocations


You had 11 spell levels left.
You didn't know any spells.
Your spell library contained the following spells:

 Spells                   Type           Power        Failure   Level  Hunger
 Animate Skeleton         Necr           N/A          24%         1    ##.....
 Apportation              Tloc           #.....       24%         1    ##.....
 Confusing Touch          Hex            #.....       24%         1    ##.....
 Corona                   Hex            #......      24%         1    ##.....
 Summon Small Mammal      Summ           #...         24%         1    ##.....
 Corpse Rot               Necr           N/A          34%         2    ###....
 Slow                     Hex            #.......     34%         2    ###....
 Inner Flame              Hex/Fire       #.......     56%         3    ####...
 Portal Projectile        Hex/Tloc       #.....       56%         3    ####...
 Stone Arrow              Conj/Erth      #.....       56%         3    ####...
 Cause Fear               Hex            #.........   93%         4    #####..
 Leda's Liquefaction      Hex/Erth       #.........   93%         4    #####..
 Summon Forest            Summ/Tloc      #.........   100%        5    ######.
 Hydra Form               Tmut           #.........   100%        6    #######
 Summon Hydra             Summ           #.........   100%        7    #######


Dungeon Overview and Level Annotations

Branches:
Dungeon (12/15)            Temple (1/1) D:7            Lair (0/6) D:8
    Orc (1/2) D:11

Altars:
Ashenzari
Cheibriados
Dithmenos
Elyvilon
Fedhas
Gozag
Hepliaklqana
Kikubaaqudgha
Makhleb
Nemelex Xobeh
Okawaru
Qazlal
Ru
Sif Muna
Trog
Uskayaw
Vehumet
Wu Jian
Xom
Yredelemnul
Zin
The Shining One
Beogh

Annotations:
D:3 1 runed translucent door


Innate Abilities, Weirdness & Mutations

You are too large for most types of armour.
You have tough skin. (AC +1)
Your life essence is reduced to manifest your ancestor. (-10% HP)


Message History

You hit the storm dragon simulacrum but do no damage.
The storm dragon simulacrum closely misses you.
The storm dragon simulacrum claws you!
The storm dragon simulacrum freezes you!!
The storm dragon simulacrum misses you.
You are too injured to fight recklessly!
You are too injured to fight recklessly!
You slice the storm dragon simulacrum!!
The storm dragon simulacrum is severely damaged.
The storm dragon simulacrum bites you.
The storm dragon simulacrum freezes you!!
* * * LOW HITPOINT WARNING * * *
The storm dragon simulacrum claws you.
* * * LOW HITPOINT WARNING * * *
The storm dragon simulacrum freezes you!!
* * * LOW HITPOINT WARNING * * *
The storm dragon simulacrum tramples you.
* * * LOW HITPOINT WARNING * * *
The storm dragon simulacrum freezes you!
You die...

## .# .... # .#.# # .#
.#... #.# ## . ..#..
.... # # . .## ..#
##...#
.#.#....##..##.##....#
# ##[........#...R#
....# ....##.@## .
.#.# .. ..#..Z##
#...####..###.###.# #
. ..#....Z...# ##
...Z.#.#.≈≈..≈≈.#
..#.##. #.≈8..8≈.# .##
. #.'....... # # # #
#.'... ....# .. #
#.≈8. #≈.#


You could see the friendly Huemac the hexer and a storm dragon simulacrum.

Vanquished Creatures
  3 two-headed ogres
  Nergalle (D:10)
  An unseen horror (D:10)
  A deep elf mage (D:11)
  A troll (D:11)
  4 slime creatures (D:12)
  2 hippogriffs
  Sigmund (D:6)
  8 yaks
  4 wyverns
  A basilisk (D:8)
  Menkaure (D:6)
  An acid dragon (D:11)
  A soldier ant (D:11)
  2 water moccasins
  Duvessa (D:7)
  17 orc warriors
  2 porcupines (D:8)
  4 ice beasts
  2 sky beasts
  3 necrophages
  7 ogres
  2 centaurs
  3 phantoms
  2 crocodiles (D:8)
  2 big kobolds
  A bullfrog (D:8)
  Blork the orc (D:6)
  A water moccasin zombie (D:7)
  Dowan (D:7)
  A small abomination (Abyss:1)
  3 scorpions
  3 wights (D:7)
  10 killer bees
  3 howler monkeys
  2 electric eels (D:11)
  5 jellies
  2 centaur zombies (D:7)
  4 hounds
  2 bullfrog zombies
  2 crimson imps
  A bullfrog skeleton (D:5)
  12 orc priests
  A gnoll shaman (D:7)
  10 orc wizards
  A centaur skeleton (D:11)
  4 iguanas
  4 worker ants
  A hound zombie (D:5)
  The ghost of doot the Chopper, a weakling TeMo (D:3)
  2 hound skeletons (D:4)
  Robin (D:4)
  2 worker ant zombies
  6 gnolls
  A howler monkey skeleton (D:10)
  11 adders
  A river rat (D:3)
  A shadow imp (D:6)
  An adder zombie (D:7)
  7 worms
  A dart slug (D:1)
  6 leopard geckos
  65 orcs
  2 bat zombies (D:6)
  6 giant cockroaches
  17 goblins
  9 hobgoblins
  9 jackals
  8 quokkas
  3 ball pythons
  3 bats
  11 frilled lizards
  20 kobolds
  A leopard gecko skeleton (D:6)
  9 rats
356 creatures vanquished.

Vanquished Creatures (collateral kills)
  A slime creature (D:12)
  A hippogriff (D:9)
  A spriggan (D:11)
  A yak (D:9)
  A hungry ghost (D:8)
  A crocodile (D:8)
  A wyvern zombie (D:7)
  A killer bee (D:9)
  2 electric eels (D:11)
  An orc wizard (D:11)
  An iguana (D:11)
  4 orcs
  A kobold (D:10)
17 creatures vanquished.

Vanquished Creatures (others)
  A wizard (D:3)
  2 ancestors (D:8)
  A hexer (D:9)
  2 fungi (D:8)
6 creatures vanquished.

Grand Total: 379 creatures vanquished

Notes
Turn   | Place    | Note
-------+----------+-------------------------------------------
     0 | D:1      | Inarius the Ogre Monk began the quest for the Orb.
     0 | D:1      | Reached XP level 1. HP: 24/24 MP: 1/1
   138 | D:1      | Reached XP level 2. HP: 26/32 MP: 2/2
   434 | D:1      | You fall through a shaft!
   437 | D:2      | Found a sparkling altar of Nemelex Xobeh.
   579 | D:2      | Reached XP level 3. HP: 12/40 MP: 3/3
   598 | D:2      | HP: 2/40 [poisoned by an adder]
   605 | D:2      | HP: 1/40 [poisoned by an adder]
  1626 | D:2      | Found a bloodstained altar of Trog.
  1654 | D:2      | Found an ornate altar of the Wu Jian Council.
  1658 | D:2      | Found a blossoming altar of Fedhas.
  1736 | D:2      | Reached XP level 4. HP: 43/49 MP: 4/4
  1976 | D:2      | HP: 2/49 [poisoned by an adder]
  2505 | D:3      | Reached skill level 5 in Fighting
  2505 | D:3      | Reached skill level 4 in Axes
  2505 | D:3      | Reached XP level 5. HP: 14/57 MP: 5/5
  3610 | D:3      | Found a bloodstained altar of Trog.
  3640 | D:3      | Noticed a wizard
  3643 | D:3      | Killed a wizard
  3754 | D:3      | Found a runed translucent door.
  3754 | D:3      | Noticed doot's ghost (weakling TeMo)
  3905 | D:4      | Noticed an ogre
  4297 | D:4      | Reached XP level 6. HP: 44/66 MP: 6/6
  4646 | D:4      | Reached skill level 5 in Axes
  4752 | D:4      | Noticed Robin
  4874 | D:4      | Killed Robin
  4949 | D:4      | Reached XP level 7. HP: 19/74 MP: 7/7
  5487 | D:5      | Entered Level 5 of the Dungeon
  5962 | D:5      | Got a pair of steaming gloves
  6022 | D:5      | Reached skill level 6 in Axes
  6156 | D:5      | Reached XP level 8. HP: 55/84 MP: 8/8
  6289 | D:5      | Reached skill level 7 in Axes
  6572 | D:3      | Killed doot's ghost
  6574 | D:3      | Found a runed translucent door.
  6977 | D:6      | Found a glowing golden altar of the Shining One.
  6999 | D:6      | Reached skill level 8 in Axes
  7241 | D:6      | Noticed Menkaure
  7247 | D:6      | Killed Menkaure
  7513 | D:6      | Noticed Blork the orc
  7513 | D:6      | Noticed Sigmund
  7520 | D:6      | Killed Blork the orc
  7520 | D:6      | Reached skill level 5 in Dodging
  7537 | D:6      | Killed Sigmund
  7537 | D:6      | Reached skill level 9 in Axes
  7537 | D:6      | Reached XP level 9. HP: 88/96 MP: 9/9
  7917 | D:6      | Found an ancient bone altar of Kikubaaqudgha.
  8119 | D:7      | Found a staircase to the Ecumenical Temple.
  8290 | D:7      | Noticed Duvessa
  8611 | D:7      | Noticed Dowan
  8783 | D:7      | Killed Duvessa
  8783 | D:7      | Killed Dowan
  9171 | Temple   | Entered the Ecumenical Temple
  9237 | Temple   | Became a worshipper of Hepliaklqana the Forgotten
  9237 | Temple   | Reached * piety under Hepliaklqana
  9237 | Temple   | Reached ** piety under Hepliaklqana
  9300 | D:7      | Reached skill level 10 in Axes
  9329 | D:7      | Reached skill level 1 in Invocations
  9824 | D:7      | Reached XP level 10. HP: 87/96 MP: 11/11
 10016 | D:7      | Found a radiant altar of Vehumet.
 10534 | D:8      | Got a bloodstained war axe
 10535 | D:8      | Identified the +8 war axe of Gozag {chop, *Drain Fragile
                  | rPois Int+8} (You found it on level 8 of the Dungeon)
 11033 | D:8      | Reached skill level 11 in Axes
 11110 | D:8      | Reached skill level 10 in Fighting
 11330 | D:8      | Found a staircase to the Lair.
 11554 | D:8      | Noticed a two-headed ogre
 11794 | D:8      | Killed a two-headed ogre
 12018 | D:9      | Got a twisted cloak
 12029 | D:9      | Identified the +2 cloak of the Harvest {rElec} (You found
                  | it on level 9 of the Dungeon)
 12041 | D:9      | Found a stormy altar of Qazlal.
 12121 | D:9      | Reached *** piety under Hepliaklqana
 12179 | D:9      | Reached skill level 12 in Axes
 12186 | D:9      | Remembered your ancestor Huemac as a hexer
 12350 | D:9      | Reached skill level 5 in Invocations
 12350 | D:9      | Reached XP level 11. HP: 87/107 MP: 14/14
 12506 | D:9      | Noticed a two-headed ogre
 12692 | D:9      | Killed a two-headed ogre
 12718 | D:9      | Reached skill level 1 in Evocations
 13498 | D:10     | Entered Level 10 of the Dungeon
 14125 | D:10     | Noticed Nergalle
 14127 | D:10     | Noticed a spectral orc warlord
 14352 | D:10     | Killed Nergalle
 14482 | D:10     | Noticed an unseen horror
 14503 | D:10     | Killed an unseen horror
 14602 | D:10     | Found a roughly hewn altar of Beogh.
 15000 | D:11     | Reached skill level 13 in Axes
 15103 | D:11     | Found a blossoming altar of Fedhas.
 15104 | D:11     | Noticed a deep elf mage
 15110 | D:11     | Killed a deep elf mage
 15159 | D:11     | Noticed a two-headed ogre
 15167 | D:11     | Killed a two-headed ogre
 15239 | D:11     | Reached XP level 12. HP: 79/117 MP: 17/17
 15679 | D:11     | Found a staircase to the Orcish Mines.
 16040 | Orc:1    | Entered Level 1 of the Orcish Mines
 16048 | Orc:1    | Cast into level 1 of the Abyss (orc)
 16054 | Abyss:1  | Got an ichor-stained chain mail
 16111 | Abyss:1  | HP: 2/118 [storm dragon simulacrum (5)]
 16111 | Abyss:1  | Demolished by a storm dragon simulacrum

Skill      XL: |  1  2  3  4  5  6  7  8  9 10 11 12 |
---------------+-------------------------------------+-----
Dodging        | 3 4 5 6 7 |  7.5
Fighting       | 5 6 7 9 10 11 12 | 12.0
Axes           | 4 5 6 9 10 12 13 | 13.8
Stealth        | 2 |  2.3
Invocations    | 2 5 6 7 |  7.2
Evocations     | 1 |  1.5
Armour         | |  0.3

Action                   |  1- 3 |  4- 6 |  7- 9 | 10-12 || total
-------------------------+-------+-------+-------+-------++-------
Melee: Hand axe          |    96 |   231 |       |       ||   327
       War axe           |       |    35 |   256 |   361 ||   652
Invok: Ancestor Life: He |       |       |       |     1 ||     1
       Recall Ancestor   |       |       |       |     3 ||     3
Evoke: Wand              |       |       |       |    19 ||    19
  Use: Scroll            |     1 |     4 |     6 |     4 ||    15
       Potion            |       |     8 |     1 |     1 ||    10
 Stab: Sleeping          |     6 |     2 |     3 |     2 ||    13
       Invisible         |       |     5 |       |       ||     5
       Paralysed         |       |       |       |    11 ||    11
       Confused          |       |       |       |     6 ||     6
       Distracted        |       |       |       |     3 ||     3
  Eat: Chunk             |     3 |    10 |    12 |    16 ||    41
       Ration            |       |       |     1 |     1 ||     2
Armor: Robe              |    16 |    76 |    66 |    79 ||   237
       Animal skin       |       |       |     4 |       ||     4
       Troll leather arm |       |       |       |    13 ||    13
Dodge: Dodged            |    48 |   176 |   162 |   237 ||   623
